 Dungeon Crawl Stone Soup version 0.30.1-9-gdf580d7c3d (webtiles) character file.

Game seed: 1239902240313306866

154 lonewolfV2 the Trooper (level 5, -3/63 HPs)
             Began as a Demonspawn Berserker on Oct 25, 2023.
             Was a Priest of Trog.
             Killed from afar by Crazy Yiuf (4 damage)
             ... with a puff of flame
             ... on level 3 of the Dungeon.
             The game lasted 00:04:38 (3780 turns).

lonewolfV2 the Trooper (Demonspawn Berserker)       Turns: 3780, Time: 00:04:39

Health: -3/63      AC:  7    Str: 17 (19) XL:     5   Next: 13%
Magic:  5/5        EV: 11    Int:  7 (8)  God:    Trog [***...]
Gold:   168        SH:  6    Dex: 11 (13) Spells: 4/4 levels left

rFire   . . .        a - +0 hand axe
rCold   . . .        n - +0 kite shield
rNeg    . . .        b - +0 animal skin
rPois   .            (no helmet)
rElec   .            g - +2 cloak
rCorr   .            (no gloves)
SInv    .            (no boots)
Will    ++...        (no amulet) Stlth
                     (no ring)
HPRegen 1.30/turn    (no ring)
MPRegen 0.09/turn

%: no passive effects
@: mighty, berserking, lethally poisoned (-3 -> -3), strong-willed,
regenerating, very quick
A: yellow scales 1, demonic guardian 2, powered by pain 1
a: Renounce Religion, Berserk, Trog's Hand


You were on level 3 of the Dungeon.
You worshipped Trog.
Trog was most pleased with you.
You visited 1 branch of the dungeon, and saw 3 of its levels.

You collected 168 gold pieces.

Inventory:

Hand Weapons
 a - a +0 hand axe (weapon)
Armour
 b - a +0 animal skin (worn)
 g - a +2 cloak (worn)
 n - a +0 kite shield (worn)
Jewellery
 i - an amulet of magic regeneration
Potions
 c - 2 potions of magic
 d - a potion of heal wounds
 e - a potion of lignification
 f - a potion of haste
 j - a potion of brilliance
 k - a potion of degeneration
 l - a potion of attraction {unknown}
 m - a potion of might {unknown}


   Skills:
 + Level 3.7 Fighting
 - Level 2.6 Axes
 * Level 3.3 Armour
 * Level 3.3 Dodging


You had 4 spell levels left.
You didn't know any spells.
Your spell library was empty.

Dungeon Overview and Level Annotations

Branches:
Dungeon (3/15)

Altars:

Annotations:
D:3 Crazy Yiuf


Innate Abilities, Weirdness & Mutations

You are partially covered in yellow scales. (AC +2)
A demonic guardian rushes to your aid.
You sometimes gain a little power by taking damage.


Message History

Crazy Yiuf zaps a wand.
The puff of flame hits you. You block Crazy Yiuf's attack.
You closely miss Crazy Yiuf.
Crazy Yiuf is moderately wounded.
Crazy Yiuf zaps a wand.
The puff of flame misses you.
You hit Crazy Yiuf.
Crazy Yiuf is heavily wounded.
Crazy Yiuf laughs, "Citrus head sizzlefizz!"
Crazy Yiuf hits you but does no damage.
You are electrocuted!!
* * * LOW HITPOINT WARNING * * *
A demonic guardian appears!
You focus on the pain.
You feel very mighty all of a sudden.
Your skin crawls.
You feel strong-willed.
Crazy Yiuf hits you with a +4 quarterstaff of chaos.
* * * LOW HITPOINT WARNING * * *
Crazy Yiuf draws strength from your wounds!
A red film seems to cover your vision as you go berserk!
You feel yourself moving faster!
You feel mighty!
Crazy Yiuf hits you with a +4 quarterstaff of chaos.
* * * LOW HITPOINT WARNING * * *
You are poisoned.
You slash Crazy Yiuf!
Crazy Yiuf is almost dead.
You feel very sick. You block Crazy Yiuf's attack.
You closely miss Crazy Yiuf.
Crazy Yiuf is almost dead.
You feel sick.
Crazy Yiuf laughs, "Adder horse broken!"
Crazy Yiuf hits you with a +4 quarterstaff of chaos.
* * * LOW HITPOINT WARNING * * *
You barely miss Crazy Yiuf.
Crazy Yiuf is almost dead.
You feel sick.
Crazy Yiuf zaps a wand.
The puff of flame misses you.
The puff of flame hits your rust devil but does no damage.
You hit Crazy Yiuf.
Crazy Yiuf is almost dead.
You feel sick.
Crazy Yiuf zaps a wand.
The puff of flame hits you.
You die...

.# #.# #....#
#.#....##### .#
#.# ♣P...♣
#.#).#.# # .#
#.# ♣)PP♣♣
###....# #
.###.#######
♣♣.♣♣ #.^>.#.# #
.).........#
♣)♣♣
###..#.#####
#....#######
♣♣.♣
#....#......
#.#### ### ♣.♣♣
####.####.## #)#
##.# ♣♣4♣
####.####.#
#.#######.## #@#
#.........#
.........###
#)g.#
####.#######
#.######...#
#)).# #.# #. #.#
#.#.# #).)# #.#
#. #.######)#.#
##### #.# #.
#..........# #.#
#.
#.######.#.#####
#.# #. #.#
#.##.##.# #.# #.
#.# #.......#
#.######.


You could see Crazy Yiuf (ally target) and a friendly rust devil (summoned).

Vanquished Creatures
  5 adders
  A worm (D:2)
  An orc (D:3)
  6 endoplasms
  4 giant cockroaches
  8 goblins
  12 hobgoblins
  10 jackals
  3 quokkas
  10 ball pythons
  7 bats
  2 frilled lizards
  5 kobolds
  2 rats (D:1)
76 creatures vanquished.

Vanquished Creatures (collateral kills)
  Robin (D:3)
  2 worms
  A jackal (D:3)
  2 kobolds (D:1)
6 creatures vanquished.

Grand Total: 82 creatures vanquished

Notes
Turn   | Place    | Note
-------+----------+-------------------------------------------
     0 | D:1      | lonewolfV2 the Demonspawn Berserker began the quest for the
                  | Orb.
     0 | D:1      | Reached XP level 1. HP: 18/18 MP: 1/1
   162 | D:1      | Gained mutation: A weak demonic guardian rushes to your
                  | aid. [demonic ancestry]
   162 | D:1      | Reached XP level 2. HP: 9/24 MP: 2/2
   572 | D:1      | Found a faded altar of an unknown god.
   828 | D:1      | Gained mutation: You are partially covered in yellow
                  | scales. (AC +2) [demonic ancestry]
   828 | D:1      | Reached XP level 3. HP: 27/29 MP: 3/3
   838 | D:1      | Reached ** piety under Trog
  1499 | D:2      | Gained mutation: A demonic guardian rushes to your aid.
                  | [demonic ancestry]
  1499 | D:2      | Reached XP level 4. HP: 35/35 MP: 4/4
  2766 | D:3      | Noticed Robin
  2777 | D:3      | Killed Robin
  2781 | D:3      | Reached *** piety under Trog
  2987 | D:3      | HP: 1/36 [adder (1)]
  2992 | D:3      | Gained mutation: You sometimes gain a little power by
                  | taking damage. [demonic ancestry]
  2992 | D:3      | Reached XP level 5. HP: 25/42 MP: 5/5
  3567 | D:3      | Found a runed translucent door.
  3578 | D:3      | Noticed Crazy Yiuf
  3778 | D:3      | HP: 2/63 [Crazy Yiuf/+4 quarterstaff of chaos (5)]
  3780 | D:3      | Killed from afar by Crazy Yiuf

Illustrated notes

Levels and vault maps discovered:
D:1:      zaba_arrival_water, layout_loops_ring, basic_ecumenical_altar
D:2:      layout_basic, minmay_octomino_e4
D:3:      layout_loops_ring, chequers_hall_statues_y, uniq_crazy_yiuf_cottage,
          uniq_robin

Skill      XL: |  1  2  3  4 |
---------------+-------------+-----
Armour         | 2 3 |  3.3
Dodging        | 2 3 |  3.3
Fighting       | |  3.7
Axes           | |  2.6

Action                     |  1- 3 |  4- 6 || total
---------------------------+-------+-------++-------
  Melee: Hand axe          |   157 |   118 ||   275
 Invoke: Berserk           |       |     1 ||     1
         Trog's Hand       |       |     1 ||     1
    Use: Scroll            |     1 |     4 ||     5
         Potion            |       |     4 ||     4
   Stab: Sleeping          |     2 |     1 ||     3
 Armour: Animal skin       |    55 |    30 ||    85
         Skin              |       |     9 ||     9
  Dodge: Dodged            |   139 |    85 ||   224
  Block: Kite shield       |       |    26 ||    26
